 Dungeon Crawl Stone Soup version 0.30.0-20-g3615ddf2f0 (webtiles) character file.

Game seed: 6347467655604920259

142 qw the Chopper (level 5, 0/32 HPs)
             Began as a Gargoyle Fighter on June 1, 2023.
             Slain by an adder (3 damage)
             ... on level 3 of the Dungeon.
             The game lasted 00:00:56 (2268 turns).

qw the Chopper (Gargoyle Fighter)                   Turns: 2268, Time: 00:00:56

Health: 0/32       AC: 12    Str: 28    XL:     5   Next: 24%
Magic:  5/5        EV:  9    Int:  8    God:
Gold:   201        SH:  4    Dex:  9    Spells: 4/4 levels left

rFire   . . .        Y - +0 war axe
rCold   . . .        c - +0 buckler
rNeg    + . .        b - +0 scale mail
rPois   inf          f - +0 helmet
rElec   +            (no cloak)
rCorr   .            (no gloves)
SInv    .            (no boots)
Will    .....        (no amulet) Stlth
                     l - +6 ring of strength
HPRegen 0.25/turn    (no ring)
MPRegen 0.09/turn

%: no passive effects
@: no status effects
A: sickness immunity, AC +4, negative energy resistance 1, electricity
resistance, torment resistance 1, petrification resistance
a: no special abilities


You were on level 3 of the Dungeon.
You visited 1 branch of the dungeon, and saw 3 of its levels.

You collected 201 gold pieces.


Innate Abilities, Weirdness & Mutations

You are immune to sickness and miasma.
Your stone body is resilient. (AC +4)
You are immune to poison.
You resist negative energy. (rN+)
You are resistant to electric shocks. (rElec)
You are resistant to unholy torment.
You are immune to petrification.


   Skills:
 - Level 3.2 Fighting
 + Level 4.8 Axes
 - Level 3.2 Armour
 - Level 3.2 Shields


You had 4 spell levels left.
You didn't know any spells.
Your spell library was empty.

Inventory:

Hand Weapons
 k - a +0 whip
 Y - a +0 war axe (weapon)
Missiles
 g - a boomerang (quivered)
Armour
 b - a +0 scale mail (worn)
 c - a +0 buckler (worn)
 f - a +0 helmet (worn)
Jewellery
 l - a +6 ring of strength (left hand)
Scrolls
 i - a scroll of identify {unknown}
 n - 2 scrolls of teleportation {unknown}
 p - a scroll of blinking {unknown}
Potions
 a - a potion of heal wounds {unknown}
 d - a potion of might
 e - a potion of magic {unknown}
 h - 2 potions of degeneration {unknown}
 j - a potion of ambrosia {unknown}
 m - a potion of curing {unknown}
 o - a potion of lignification {unknown}

Dungeon Overview and Level Annotations

Branches:
Dungeon (3/15)

Altars:

Shops:
D:1 *

Annotations:
D:3 Terence


Message History

You hear the brisk rusting of a drain nearby.
The adder barely misses you. The adder bites you but does no damage.
You slash the adder!
You kill the adder!
You miss the adder. The adder misses you.
The adder bites you but does no damage.
You miss the adder. The adder bites you but does no damage.
The adder bites you.
Terence zaps a wand.
The puff of flame hits you.
You hit Terence but do no damage. You closely miss the adder.
The adder barely misses you.
Terence hits you with the +7 Throatcutter {drain, coup de grace}!
You slash Terence!
Terence is severely wounded.
You closely miss the adder. You block the adder's attack.
You block Terence's attack. The adder closely misses you.
You barely miss Terence.
Terence is severely wounded.
You closely miss the adder. The adder bites you but does no damage.
Terence closely misses you. You block the adder's attack.
You barely miss Terence.
Terence is severely wounded.
You barely miss the adder. Terence hits you but does no damage.
The adder barely misses you.
A rat comes into view.
Terence hits you with the +7 Throatcutter {drain, coup de grace}.
You closely miss Terence.
Terence is severely wounded.
You closely miss the adder. The adder bites you but does no damage.
Terence zaps a wand.
The puff of flame hits you. The adder closely misses you.
You closely miss Terence.
Terence is severely wounded.
You closely miss the adder. The adder bites you.
Terence hits you with the +7 Throatcutter {drain, coup de grace}!
The adder bites you.
You die...

####...~~~~~####
#.##.~P~.....
#.###.#######
#.###.# #.....#
##
##...########r..
#.#............
#...###...##...
#.### #@..# ...
#@S.#
###...S..K...#
#@.####.#......
..##.#### ###
... ###. #


You could see Terence, an adder, a kobold and a rat.

Vanquished Creatures
  Robin (D:2)
  4 gnolls
  3 adders
  A worm (D:2)
  A dart slug (D:2)
  3 orcs (D:3)
  6 bats
  4 endoplasms
  3 giant cockroaches (D:2)
  7 goblins
  6 hobgoblins (D:2)
  A quokka (D:2)
  6 ball pythons
  3 frilled lizards (D:1)
  5 kobolds
  6 rats
60 creatures vanquished.

Notes
Turn   | Place    | Note
-------+----------+-------------------------------------------
     0 | D:1      | qw the Gargoyle Fighter began the quest for the Orb.
     0 | D:1      | Reached XP level 1. HP: 14/14 MP: 1/1
     0 | D:1      | 0 ||| qw: Version: 0.2-a-102-gfc559e5
     0 | D:1      | 0 ||| qw: Game counter: 637
     0 | D:1      | 0 ||| qw: Always use a shield: true
     0 | D:1      | 0 ||| qw: God list: Okawaru
     0 | D:1      | 0 ||| qw: Allow faded altars: false
     0 | D:1      | 0 ||| qw: Do Orc after D:15 true
     0 | D:1      | 0 ||| qw: Do second Lair branch before Depths: true
     0 | D:1      | 0 ||| qw: Lair rune preference: random
     0 | D:1      | 0 ||| qw: Plans: Normal, Zot:1-4, Slime:5, God:TSO, Crypt,
                  | Tomb, Pan, Hells, Abyss, Win
     0 | D:1      | 0 ||| PLANNING D:1-11
     5 | D:1      | Noticed a black mamba
    11 | D:1      | Noticed an anaconda
    55 | D:1      | HP: 2/14 [frozen (4)]
    57 | D:1      | Reached skill level 2 in Axes
   159 | D:1      | 159 ||| Stepping ~*~*~tactically~*~*~ (stealth).
   169 | D:1      | Reached XP level 2. HP: 19/19 MP: 2/2
   171 | D:1      | Found Ysmuf's Assorted Antiques.
   177 | D:1      | 177 ||| SHOPLISTING fuming clear potion (20 gold, have 0).
   177 | D:1      | 177 ||| SHOPLISTING golden potion (20 gold, have 0).
   177 | D:1      | 177 ||| SHOPLISTING runed morningstar (161 gold, have 0).
   177 | D:1      | 177 ||| SHOPLISTING scroll labelled HOYVVOURGHU (23 gold,
                  | have 0).
   177 | D:1      | 177 ||| SHOPLISTING scroll labelled QEGIUGR LALLIS (23
                  | gold, have 0).
   177 | D:1      | 177 ||| SHOPLISTING tourmaline ring (115 gold, have 0).
   177 | D:1      | 177 ||| SHOPLISTING white potion (20 gold, have 0).
   493 | D:1      | 493 ||| Stepping ~*~*~tactically~*~*~ (stealth).
   802 | D:1      | 802 ||| READING scroll labelled MUOT TYAVVODDE.
   803 | D:1      | 803 ||| READING scroll labelled NEASUOCSACACS.
   835 | D:2      | Noticed Robin
   841 | D:2      | Reached skill level 3 in Axes
   843 | D:2      | 843 ||| STAIRDANCE
   847 | D:1      | Reached XP level 3. HP: 7/23 MP: 3/3
   919 | D:2      | 919 ||| STAIRDANCE
   919 | D:2      | HP: 1/23 [Robin/bolt of dispelling energy (19)]
  1017 | D:2      | 1017 ||| Stepping ~*~*~tactically~*~*~ (hiding).
  1026 | D:2      | HP: 2/23 [Robin/bolt of dispelling energy (4)]
  1029 | D:2      | Killed Robin
  1158 | D:2      | 1158 ||| Stepping ~*~*~tactically~*~*~ (stealth).
  1168 | D:2      | 1168 ||| Stepping ~*~*~tactically~*~*~ (stealth).
  1274 | D:2      | 1274 ||| DROPPING +0 club.
  1283 | D:2      | 1283 ||| Stepping ~*~*~tactically~*~*~ (stealth).
  1475 | D:2      | 1475 ||| Stepping ~*~*~tactically~*~*~ (stealth).
  1480 | D:2      | Reached XP level 4. HP: 28/28 MP: 4/4
  1657 | D:2      | 1657 ||| Stepping ~*~*~tactically~*~*~ (hiding).
  1659 | D:2      | 1659 ||| Stepping ~*~*~tactically~*~*~ (hiding).
  1660 | D:2      | 1660 ||| Stepping ~*~*~tactically~*~*~ (hiding).
  1670 | D:2      | Reached skill level 4 in Axes
  1881 | D:2      | 1881 ||| UPGRADING to +0 helmet.
  1886 | D:2      | 1886 ||| DROPPING +6 ring of intelligence.
  1887 | D:2      | 1887 ||| UPGRADING to +6 ring of strength.
  1888 | D:2      | 1888 ||| READING 2 scrolls labelled ZOSKOVVA ZUOL.
  1889 | D:2      | 1889 ||| READING scroll labelled ZOMOQ BIFAIZ.
  1890 | D:2      | 1890 ||| DROPPING scroll of amnesia.
  1918 | D:3      | 1918 ||| PLANNING SEWER
  1921 | D:3      | 1921 ||| STAIRDANCE
  1964 | D:3      | HP: 6/28 [gnoll/+0 halberd (8)]
  1968 | D:3      | Reached XP level 5. HP: 8/32 MP: 5/5
  2128 | D:3      | 2128 ||| Stepping ~*~*~tactically~*~*~ (hiding).
  2162 | D:3      | 2162 ||| Stepping ~*~*~tactically~*~*~ (stealth).
  2257 | D:3      | Noticed Terence
  2258 | D:3      | 2258 ||| Stepping ~*~*~tactically~*~*~ (hiding).
  2268 | D:3      | HP: 3/32 [Terence/the +7 Throatcutter {drain, coup de
                  | grace} (7)]
  2268 | D:3      | Slain by an adder

Levels and vault maps discovered:
D:1:      sevenhm_arrival_forest_fort_small_2, layout_basic, serial_shops,
          shop_fountains, minmay_misc_feat_secret_circle
D:2:      layout_loops_cross, chequers_serial_rivers_large_a, uniq_robin
D:3:      layout_loops_cross, gup_sewer_entry_spiral, serial_bayou_lagoon_a,
          saegor_snake_ambush, uniq_terence

Skill      XL: |  1  2  3  4 |
---------------+-------------+-----
Axes           | 2 3 4 |  4.8
Fighting       | |  3.2
Armour         | |  3.2
Shields        | |  3.2

Action                     |  1- 3 |  4- 6 || total
---------------------------+-------+-------++-------
  Melee: War axe           |    80 |    56 ||   136
  Throw: Boomerang         |    22 |    10 ||    32
    Use: Scroll            |     2 |     2 ||     4
 Armour: Scale mail        |    52 |    39 ||    91
  Dodge: Dodged            |    31 |    26 ||    57
  Block: Buckler           |    16 |     9 ||    25

Table legend:
 A = Non-vault XP
 B = Vault XP
 C = Vault XP percentage of total XP
 D = Non-vault monster count
 E = Vault monster count
 F = Vault count percentage of total count
                 A         B        C        D         E       F
            +---------+---------+-------+---------+---------+-------
      Total |     169 |      34 |  16.7 |      49 |      11 |  18.3
            +---------+---------+-------+---------+---------+-------
        D:1 |      19 |       4 |  17.4 |      14 |       2 |  12.5
        D:2 |      96 |      30 |  23.8 |      26 |       9 |  25.7
        D:3 |      54 |       0 |   0.0 |       9 |       0 |   0.0
            +---------+---------+-------+---------+---------+-------
